 Dungeon Crawl Stone Soup version 0.27-a0-1196-g3e9cee4cb2 (webtiles) character file.

Game seed: 950663520636328018

2347 Zonian the Conjurer (level 9, -7/65 HPs)
             Began as a Human Conjurer on May 30, 2021.
             Was a Follower of Dithmenos.
             Mangled by a gnoll sergeant
             ... wielding a +7 spear
              (10 damage)
             ... on level 8 of the Dungeon.
             The game lasted 00:21:54 (14908 turns).

Zonian the Conjurer (Human Conjurer)               Turns: 14908, Time: 00:21:55

Health: -7/65      AC: 14    Str: 10    XL:     9   Next: 71%
Magic:  13/16      EV: 13    Int: 24    God:    Dithmenos [*.....]
Gold:   335        SH:  5    Dex: 12    Spells: 10/17 levels left

rFire    . . .     SeeInvis .   u - +3 whip "Beetlebane" {protect, Str+2}
rCold    . . .     Faith    .   (no shield)
rNeg     . . .     Spirit   .   s - +1 leather armour {rPois}
rPois    +         Reflect  +   k - +2 helmet {Int+3}
rElec    .         Harm     .   (no cloak)
rCorr    .         Rampage  .   i - +1 pair of gloves
Will     .....                  m - +0 pair of boots
Stlth    +++.......             y - amulet of reflection
HPRegen  0.20/turn              f - +4 ring of protection
MPRegen  0.15/turn              (no ring)

@: wreathed by umbra
A: no striking features
a: Renounce Religion


You were on level 8 of the Dungeon.
You worshipped Dithmenos.
Dithmenos was aware of your devotion.
You visited 2 branches of the dungeon, and saw 9 of its levels.

You collected 335 gold pieces.

Inventory:

Hand Weapons
 c - a +1 dagger
 o - a +0 falchion of holy wrath
 q - a +0 halberd
 u - the +3 whip "Beetlebane" (weapon) {protect, Str+2}
   (You took it off a crimson imp on level 6 of the Dungeon)

   It grants its wielder temporary protection when it strikes (+7 to AC).
   It affects your strength (+2).
 w - a +0 falchion
 x - a +0 war axe of freezing
 z - a +1 vorpal flail
 A - a +4 short sword
Missiles
 n - 46 poisoned darts
Armour
 a - a +0 robe
 i - a +1 pair of gloves (worn)
 j - a +0 scale mail
 k - a +2 helmet of intelligence (worn)
 l - a +0 ring mail
 m - a +0 pair of boots (worn)
 s - a +1 leather armour of poison resistance (worn)
Jewellery
 f - a +4 ring of protection (left hand)
 y - an amulet of reflection (around neck)
Scrolls
 p - a scroll of fear
 r - a scroll of teleportation
 t - a scroll of blinking {unknown}
 v - 2 scrolls of magic mapping
 B - 3 scrolls of identify
Potions
 b - a potion of flight
 d - a potion of degeneration
 g - 4 potions of attraction
 h - a potion of resistance


   Skills:
 + Level 3.8 Fighting
 - Level 3.1 Short Blades
 + Level 2.1 Axes
 - Level 1.2 Armour
 + Level 4.8 Dodging
 + Level 5.3 Stealth
 - Level 0.1 Unarmed Combat
 + Level 4.7 Spellcasting
 + Level 6.8 Conjurations
 + Level 2.1 Translocations
 + Level 4.0 Invocations


You had 10 spell levels left.
You knew the following spells:

 Your Spells              Type           Power      Damage    Failure   Level
a - Magic Dart            Conj           100%       1d8       1%          1
b - Searing Ray           Conj           76%        3d6       1%          2
c - Iskenderun's Mystic   Conj/Tloc      27%        2d7       19%         4

Your spell library contained the following spells:

 Spells                   Type           Power      Damage    Failure   Level
 Dazzling Flash           Conj/Hex       44%        N/A       9%          3
 Fulminant Prism          Conj/Hex       11%        3d9       28%         4


Dungeon Overview and Level Annotations

Branches:
Dungeon (8/15)             Temple (1/1) D:4
   Lair: D:8-11

Altars:
Ashenzari
Dithmenos
Elyvilon
Fedhas
Hepliaklqana
Makhleb
Okawaru
Qazlal
Ru
Sif Muna
Uskayaw
Vehumet
Wu Jian
Xom
Yredelemnul
Zin
The Shining One

Shops:
D:8 [*

Annotations:
D:8 Prince Ribbit


Message History

The gnoll sergeant is heavily wounded.
The gnoll sergeant barely misses you.
Unknown command.
Casting: Magic Dart (safe; 1% risk of failure)
Confirm with . or Enter, or press ? or * to list all spells.
Aiming: Magic Dart (safe; 1% risk of failure)
Press: ? - help, Shift-Dir - straight line, f/p - gnoll sergeant
Aim: a gnoll sergeant, wielding a +7 spear, wearing a +0 scale mail and wearing a +0 buckler (heavily wounded, umbra, 100% to hit)
The magic dart hits the gnoll sergeant but does no damage.
The gnoll sergeant is heavily wounded.
The gnoll sergeant misses you.
You barely miss the gnoll sergeant.
The gnoll sergeant is heavily wounded.
The gnoll sergeant hits you with a +7 spear.
* * * LOW HITPOINT WARNING * * *
You hit the gnoll sergeant but do no damage.
Your weapon exudes an aura of protection.
The gnoll sergeant is heavily wounded.
The gnoll sergeant hits you but does no damage.
Unknown command.
Magic courses through your body.
The gnoll sergeant hits you with a +7 spear!
* * * LOW HITPOINT WARNING * * *
Unknown command.
Casting: Magic Dart (safe; 1% risk of failure)
Confirm with . or Enter, or press ? or * to list all spells.
Aiming: Searing Ray (safe; 1% risk of failure)
Press: ? - help, Shift-Dir - straight line, f/p - gnoll sergeant
Aim: a gnoll sergeant, wielding a +7 spear, wearing a +0 scale mail and wearing a +0 buckler (heavily wounded, umbra, 86% to hit)
The searing ray hits the gnoll sergeant.
The gnoll sergeant is severely wounded. (Press . to maintain the ray.)
The gnoll sergeant misses you.
The searing ray hits the gnoll sergeant!
The gnoll sergeant is almost dead.
The gnoll sergeant completely misses you.
Unknown command.
The searing ray misses the gnoll sergeant.
The gnoll sergeant hits you with a +7 spear!
You die...

.h..........#........<.........
....g.....####..........####...
###.###...# ##......######>...
.. ##..### ##.....#####.....
#.....###.........#.....
#...............#......)
#...............#.##....
..#..g....#............
##..@........##......
#...))........#.....#
#....###..$.....##...
.................... #...
#..##.............. ##.# ..
###.......##... ...# .
.....#+## .. ... # ......+ .
..... ......# ...


You could see a gnoll sergeant.

Vanquished Creatures
  Duvessa (D:6)
  A hornet zombie (D:7)
  A black bear (D:4)
  An ogre (D:6)
  An ice beast (D:8)
  A sky beast (D:7)
  A phantom (D:7)
  A kobold brigand (D:7)
  A scorpion (D:5)
  Dowan (D:6)
  7 bullfrogs
  4 wights (D:8)
  A howler monkey (D:5)
  The ghost of oc3rt the Slasher, a weakling TeBe of Trog (D:3)
  A centaur zombie (D:5)
  4 crimson imps (D:6)
  2 jellies
  2 orc priests (D:6)
  4 hounds
  A gnoll shaman (D:8)
  4 bullfrog skeletons
  2 centaur skeletons (D:7)
  2 iguanas
  2 orc wizards
  A gnoll (D:8)
  A river rat (D:3)
  4 adders
  An ufetubus (D:6)
  A worm (D:2)
  2 dart slugs
  10 orcs
  5 ball pythons
  3 bats
  4 endoplasms
  2 giant cockroaches
  7 hobgoblins
  9 jackals
  6 quokkas
  2 frilled lizards
  5 goblins
  9 kobolds
  5 rats
124 creatures vanquished.

Notes
Turn   | Place    | Note
-------+----------+-------------------------------------------
     0 | D:1      | Zonian the Human Conjurer began the quest for the Orb.
     0 | D:1      | Reached XP level 1. HP: 13/13 MP: 3/3
   656 | D:1      | Reached XP level 2. HP: 19/19 MP: 1/5
  1845 | D:2      | Reached XP level 3. HP: 24/24 MP: 2/6
  2186 | D:2      | Learned a level 2 spell: Searing Ray
  3355 | D:3      | Found an ornate altar of the Wu Jian Council.
  3976 | D:3      | Found a runed translucent door.
  3981 | D:3      | Noticed oc3rt's ghost (weakling TeBe)
  4079 | D:3      | Found a runed translucent door.
  4497 | D:3      | Reached XP level 4. HP: 30/30 MP: 5/7
  4893 | D:3      | Reached skill level 5 in Conjurations
  5846 | D:3      | Killed oc3rt's ghost
  5847 | D:3      | Reached XP level 5. HP: 34/35 MP: 2/8
  7173 | D:4      | Reached XP level 6. HP: 36/42 MP: 4/10
  7260 | D:4      | Reached skill level 1 in Short Blades
  7294 | D:4      | Found a staircase to the Ecumenical Temple.
  7325 | D:4      | Reached skill level 1 in Armour
  7326 | Temple   | Entered the Ecumenical Temple
  7592 | Temple   | Became a worshipper of Dithmenos the Shadowed
  8242 | D:4      | Noticed a black bear
  8248 | D:4      | Killed a black bear
  8249 | D:4      | Reached skill level 1 in Fighting
  8249 | D:4      | Reached XP level 7. HP: 48/48 MP: 6/11
  8828 | D:5      | Entered Level 5 of the Dungeon
  8977 | D:5      | Found a sacrificial altar of Ru.
  9108 | D:5      | Reached skill level 1 in Invocations
 10123 | D:6      | Reached skill level 6 in Conjurations
 10123 | D:6      | Reached XP level 8. HP: 45/56 MP: 5/13
 10552 | D:6      | Found a shimmering altar of Xom.
 11554 | D:6      | Identified the +3 whip "Beetlebane" {protect, Str+2}
 11668 | D:6      | Found a broken altar of Ashenzari.
 11697 | D:6      | Noticed Duvessa
 11701 | D:6      | Killed Duvessa
 11702 | D:6      | Noticed Dowan
 11707 | D:6      | Killed Dowan
 11818 | D:6      | Found a basalt altar of Yredelemnul.
 12294 | D:7      | Reached XP level 9. HP: 52/63 MP: 15/15
 12299 | D:7      | Learned a level 4 spell: Iskenderun's Mystic Blast
 12741 | D:7      | Reached * piety under Dithmenos
 12793 | D:7      | Reached skill level 1 in Axes
 12801 | D:7      | Reached skill level 1 in Translocations
 13258 | D:7      | Reached skill level 5 in Stealth
 13916 | D:8      | Noticed Prince Ribbit
 14438 | D:8      | Found Qomuwyd's General Store.
 14666 | D:8      | Identified a scroll of acquirement
 14666 | D:8      | Acquired a +2 helmet of intelligence
 14745 | D:8      | Found Kyduuxk Omaf's Antique Armour Shop.
 14905 | D:8      | HP: 2/65 [gnoll sergeant/+7 spear (11)]
 14908 | D:8      | Mangled by a gnoll sergeant

Illustrated notes

Levels and vault maps discovered:
D:1:      co_arrival_square_in_a_square_in_a_square, layout_basic,
          lemuel_old_faithful
D:2:      layout_basic
D:3:      layout_basic, nicolae_wu_jian_wuxing_cycle, ebering_ghost_sewer_f,
          ebering_dispersal_statue_hall
D:4:      layout_basic, temple_pool_b
D:5:      layout_basic, nicolae_ru_great_annihilating_truth
D:6:      layout_loops_ring, kennysheep_mini_moat, led_xom_imps,
          lemuel_coloured_pillars_altar, hangedman_decor_slide_cut, uniq_duvessa
D:7:      layout_rooms
D:8:      layout_cave_pools, chequers_temple_overflow_minitemple,
          serial_gnoll_camp, gnoll_camp_mini_basic, gnoll_camp_mini_shop,
          gnoll_camp_mini_hut, gnoll_camp_mini_sergeant, serial_shops, shop,
          nicolae_shop_window_shopping, shop, nicolae_shop_behind_doors,
          kennysheep_generic_room_2, uniq_prince_ribbit1
Temple:   minmay_temple_bridge_abc

Skill      XL: |  1  2  3  4  5  6  7  8  9 |
---------------+----------------------------+-----
Conjurations   | 5 6 |  6.8
Stealth        | 3 4 5 |  5.3
Spellcasting   | 3 4 |  4.7
Short Blades   | 1 2 3 |  3.1
Armour         | 1 |  1.2
Fighting       | 1 2 3 |  3.8
Dodging        | 3 4 |  4.8
Invocations    | 1 3 4 |  4.0
Axes           | 2 |  2.1
Translocations | 2 |  2.1
Unarmed Combat | |  0.1

Action                   |  1- 3 |  4- 6 |  7- 9 || total
-------------------------+-------+-------+-------++-------
Melee: Unarmed           |    13 |       |       ||    13
       Dagger            |    22 |    55 |    76 ||   153
       Whip              |       |       |   145 ||   145
 Cast: Magic Dart        |    83 |    65 |    97 ||   245
       Searing Ray       |       |     7 |    27 ||    34
  Use: Scroll            |       |     9 |    10 ||    19
       Potion            |       |       |    10 ||    10
 Stab: Sleeping          |       |     3 |     3 ||     6
Armor: Robe              |    12 |    11 |       ||    23
       Leather armour    |       |    13 |   158 ||   171
Dodge: Dodged            |    38 |    37 |   192 ||   267
Block: Other             |       |       |    51 ||    51

Table legend: (Time is in decaauts)
 A = Elapsed time spent in this place.
 B = Non-inter-level travel time spent in this place.
 C = Inter-level travel time spent in this place.
 D = Time resting spent in this place.
 E = Time spent auto-exploring this place.
 F = Levels seen in this place.
 G = Mean time per level.
                   A        B        C        D        E       F      G
               +--------+--------+--------+--------+--------+-----+--------+
         Total |  14911 |  14713 |    198 |   7660 |   5388 |   9 | 1656.8 |
       Dungeon |  14624 |  14446 |    178 |   7660 |   5192 |   8 | 1828.0 |
        Temple |    286 |    266 |     20 |      0 |    196 |   1 |  286.0 |
               +--------+--------+--------+--------+--------+-----+--------+

Top non-repeatable levels by time:
     D:3: 2566 daAuts
     D:2: 2238 daAuts
     D:6: 2169 daAuts
     D:4: 1929 daAuts
     D:1: 1818 daAuts
     D:7: 1685 daAuts
     D:5: 1214 daAuts
     D:8: 1003 daAuts
  Temple: 286 daAuts
